 Dungeon Crawl Stone Soup version 0.17-a0-1311-gbcbd859 (webtiles) character file.

7306 InterDimensionalOwl the Cleaver (level 11, 0/84 HPs)
             Began as a Formicid Fighter on June 8, 2015.
             Was a High Priest of Okawaru.
             Succumbed to a black mamba's poison
             ... on level 1 of the Lair of Beasts.
             The game lasted 01:20:45 (11368 turns).

InterDimensionalOwl the Cleaver (Formicid Fighter) Turns: 11368, Time: 01:20:45

Health: 0/84       AC: 20    Str: 22    XL:     11   Next: 34%
Magic:  10/11      EV: 10    Int:  7    God:    Okawaru [*****.]
Gold:   356        SH: 14    Dex: 17    Spells: 0 memorised, 10 levels left

rFire  + . .     SeeInvis +     a - +2 battleaxe
rCold  + . .     Clarity  +     J - +0 plate armour
rNeg   . . .     SustAt   .     D - +0 shield
rPois  +         Gourm    .     (helmet unavailable)
rElec  +         Spirit   .     y - +0 cloak
rCorr  +         Warding  .     (no gloves)
rMut   .         Stasis   +     G - +0 pair of boots
MR     +....                    m - amulet of clarity
Stlth  ..........               (no ring)
                                w - ring of the Ancients {rElec Dex+4 Stlth+}

@: lethally poisoned (0 -> -5), resistant, heroism, somewhat resistant to
hostile enchantments, extremely unstealthy
A: permanent stasis, dig shafts and tunnels, four strong arms, antennae 3, icy
blue scales 1
a: Dig, Shaft Self, Heroism, Renounce Religion


You were on level 1 of the Lair of Beasts.
You worshipped Okawaru.
Okawaru was extremely pleased with you.
You were not hungry.

You visited 3 branches of the dungeon, and saw 11 of its levels.

You collected 356 gold pieces.

Inventory:

Hand weapons
 a - a +2 battleaxe (weapon)
 b - a +0 blowgun
Missiles
 g - 6 needles of paralysis
 s - 9 tomahawks (quivered)
 C - 26 poisoned needles
Armour
 y - a +0 cloak (worn)
 D - a +0 shield (worn)
 G - a +0 pair of boots (worn)
 J - a +0 plate armour (worn)
Rods
 u - a +2 rod of the swarm (12/12)
   (You found it on level 7 of the Dungeon)
Jewellery
 m - an amulet of clarity (around neck)
 w - the ring of the Ancients (left hand) {rElec Dex+4 Stlth+}
   (You found it on level 6 of the Dungeon)

   [ring of stealth]

   It affects your dexterity (+4).
   It insulates you from electricity.
   It makes you more stealthy.
 P - an uncursed ring of fire
Magical devices
 p - a wand of slowing (43)
 K - a wand of slowing (20)
 O - a wand of random effects (38)
Scrolls
 t - 3 scrolls of fear
 E - a scroll of remove curse
 H - 2 scrolls of amnesia
 I - a scroll of fog
Potions
 d - 2 potions of might
 f - a potion of invisibility
 k - 2 potions of lignification
 n - a potion of cancellation
 o - 3 potions of agility
 A - a potion of brilliance
 F - 2 potions of mutation
Books
 x - a book of Changes

   Spells                             Type                      Level
   a - Beastly Appendage              Transmutation                1
   b - Sticks to Snakes               Transmutation                2
   c - Spider Form                    Transmutation/Poison         3
   d - Ice Form                       Ice/Transmutation            4
   e - Blade Hands                    Transmutation                5
Comestibles
 e - 3 bread rations
 h - a beef jerky
 r - 11 fruits
 v - 4 meat rations
 z - 5 royal jellies
 N - 2 slices of pizza


   Skills:
 + Level 7.4(12.4) Fighting
 + Level 12.3(17.3) Axes
 - Level 8.1(13.1) Armour
 - Level 9.0(14.0) Shields


You had 10 spell levels left.
You didn't know any spells.

Dungeon Overview and Level Annotations

Branches:
Dungeon (9/15)             Temple (1/1) D:4            Lair (1/8) D:8
    Orc: D:9-12

Altars:
Ashenzari
Cheibriados
Dithmenos
Elyvilon
Fedhas
Gozag
Kikubaaqudgha
Makhleb
Nemelex Xobeh
Okawaru
Qazlal
Ru
Sif Muna
Trog
Vehumet
Xom
Yredelemnul
Zin
The Shining One
Lugonu

Shops:
D:9 }

Annotations:
D:8 Erica


Innate Abilities, Weirdness & Mutations

You are under a permanent stasis effect.
You can dig through walls and to a lower floor.
Your four strong arms can wield two-handed weapons with a shield.
You have a pair of large antennae on your head (SInv).
You are partially covered in icy blue scales (AC +1).


Message History

You feel slightly more hungry.
* * * LOW HITPOINT WARNING * * *
You feel sick.
Drink which item? (? for menu, Esc to quit)
Okay, then.
* * * LOW HITPOINT WARNING * * *
You feel sick.
* * * LOW HITPOINT WARNING * * *
You feel sick.
* * * LOW HITPOINT WARNING * * *
You feel sick.
* * * LOW HITPOINT WARNING * * *
You feel sick.
* * * LOW HITPOINT WARNING * * *
You feel sick.
* * * LOW HITPOINT WARNING * * *
You feel sick.
* * * LOW HITPOINT WARNING * * *
You feel sick.
You die...

#........
####.#....... .....##
...#......#..#.#...#.
..........#.........#
####.#....#....#b..#
...................#
..........#...##..##
####....#.##P......#
#.#.(.......#@.#
#..............##
#....###....##..#
#.###.# ##..###.## ##
### #..##..## # {
#####P..# .# { {
##.######.#.. { {
#............ { {
#####)....#⌠.


There were no monsters in sight!

Vanquished Creatures
  The ghost of Fluffy the Basher, an experienced GrFi of Okawaru (D:7)
  The ghost of B1inky the Cleaver, an experienced VSFi of Ashenzari (D:9)
  Pikel (D:9)
  A black mamba (Lair:1)
  Psyche (D:8)
  A trapdoor spider (D:9)
  3 hungry ghosts
  A hippogriff (D:6)
  Edmund (D:6)
  A water moccasin (Lair:1)
  A porcupine (Lair:1)
  A slave (D:9)
  2 sky beasts
  A necrophage (D:7)
  2 ice beasts
  A black bear (D:8)
  3 orc warriors (D:6)
  4 ogres
  The ghost of Yermak the Skirmisher, an average FoNe (D:3)
  8 centaurs
  A phantom (D:9)
  4 giant frogs
  3 scorpions
  3 killer bees (D:7)
  A water moccasin skeleton (D:7)
  10 wights
  2 crimson imps
  2 jellies
  3 centaur skeletons
  2 hounds
  4 orc priests
  4 iguanas
  Terence (D:3)
  6 orc wizards
  7 worker ants
  A killer bee zombie (D:8)
  2 hound skeletons
  Robin (D:4)
  12 adders
  A gnoll (D:5)
  2 shadow imps
  4 adder skeletons
  5 worms
  8 giant geckos
  33 orcs
  4 giant cockroaches
  23 hobgoblins
  6 quokkas
  3 ball pythons
  18 bats
  5 giant newts
  17 goblins
  25 jackals
  19 kobolds
  A quokka skeleton (D:6)
  12 rats
291 creatures vanquished.

Vanquished Creatures (others)
  A centaur zombie (D:9)
  A slave (D:9)
  A worker ant (D:9)
  A bat (D:2)
4 creatures vanquished.

Grand Total: 295 creatures vanquished

Notes
Turn   | Place    | Note
--------------------------------------------------------------
     0 | D:1      | InterDimensionalOwl the Formicid Fighter began the quest for the Orb.
     0 | D:1      | Reached XP level 1. HP: 18/18 MP: 1/1
    83 | D:1      | Reached XP level 2. HP: 9/24 MP: 2/2
   506 | D:1      | Reached XP level 3. HP: 25/29 MP: 3/3
  1408 | D:2      | Reached skill level 4 in Axes
  1408 | D:2      | Reached XP level 4. HP: 22/35 MP: 4/4
  1736 | D:2      | Found an iron altar of Okawaru.
  1744 | D:2      | Became a worshipper of Warmaster Okawaru
  2238 | D:2      | Reached XP level 5. HP: 35/41 MP: 5/5
  2299 | D:2      | Found a sparkling altar of Nemelex Xobeh.
  2523 | D:2      | Reached skill level 5 in Axes
  2631 | D:3      | Noticed Terence
  2654 | D:3      | Noticed Yermak's ghost (average FoNe)
  2658 | D:3      | Killed Terence
  2669 | D:3      | Killed Yermak's ghost
  2669 | D:3      | Reached skill level 6 in Axes
  2669 | D:3      | Reached XP level 6. HP: 27/47 MP: 6/6
  3096 | D:3      | Found a glowing silver altar of Zin.
  3207 | D:3      | Acquired Okawaru's first power
  3308 | D:3      | Found an opulent altar of Gozag.
  3370 | D:3      | You fall through a shaft for 3 floors!
  3549 | D:6      | Got a scintillating bone ring
  3551 | D:6      | Noticed an ice beast
  3557 | D:5      | Entered Level 5 of the Dungeon
  3693 | D:4      | Reached XP level 7. HP: 50/52 MP: 7/7
  3735 | D:4      | Found a staircase to the Ecumenical Temple.
  3739 | D:4      | Reached skill level 7 in Axes
  3753 | Temple   | Entered the Ecumenical Temple
  3902 | D:4      | Identified the ring of the Ancients {rElec Dex+4 Stlth+} (You found it on level 6 of the Dungeon)
  4330 | D:4      | Noticed Robin
  4338 | D:4      | Killed Robin
  5387 | D:4      | Found a stormy altar of Qazlal.
  5639 | D:5      | Found an ancient bone altar of Kikubaaqudgha.
  6155 | D:6      | Killed an ice beast
  6155 | D:6      | Reached skill level 8 in Axes
  6174 | D:6      | Reached XP level 8. HP: 43/58 MP: 8/8
  6348 | D:6      | Noticed an orc warrior
  6358 | D:6      | Killed an orc warrior
  6463 | D:6      | Reached skill level 9 in Axes
  6653 | D:6      | Reached skill level 5 in Shields
  6926 | D:6      | Noticed Edmund
  6940 | D:6      | Killed Edmund
  6940 | D:6      | Reached XP level 9. HP: 60/64 MP: 9/9
  6989 | D:6      | Noticed an orc warrior
  7000 | D:6      | Reached skill level 10 in Axes
  7023 | D:6      | Killed an orc warrior
  8099 | D:7      | Found a bloodstained altar of Trog.
  8117 | D:7      | Noticed Fluffy's ghost (experienced GrFi)
  8163 | D:7      | Killed Fluffy's ghost
  8163 | D:7      | Reached skill level 5 in Fighting
  8163 | D:7      | Reached XP level 10. HP: 45/76 MP: 10/10
  8823 | D:8      | Noticed Erica
  9033 | D:8      | Gained mutation: You are partially covered in icy blue scales (AC +1). [potion of beneficial mutation]
  9083 | D:8      | Found a sacrificial altar of Ru.
  9083 | D:8      | Found a shadowy altar of Dithmenos.
  9098 | D:8      | Reached skill level 5 in Armour
  9213 | D:8      | Reached skill level 11 in Axes
  9390 | D:8      | Noticed Psyche
  9407 | D:8      | Killed Psyche
  9472 | D:8      | Found a basalt altar of Yredelemnul.
  9473 | D:8      | Found a burning altar of Makhleb.
  9743 | D:8      | Found a staircase to the Lair.
  9875 | D:8      | Acquired Okawaru's second power
 10149 | D:9      | Found a runed door.
 10379 | D:9      | Reached XP level 11. HP: 77/84 MP: 11/11
 10426 | D:9      | Found Moush's Gadget Shoppe.
 10443 | D:9      | Noticed Pikel
 10468 | D:9      | Killed Pikel
 10981 | D:9      | Noticed B1inky's ghost (experienced VSFi)
 11001 | D:9      | Killed B1inky's ghost
 11001 | D:9      | Reached skill level 12 in Axes
 11238 | Lair:1   | Entered Level 1 of the Lair of Beasts
 11348 | Lair:1   | Received a gift from Okawaru
 11362 | Lair:1   | HP: 4/84 [poisoned by a black mamba]
 11366 | Lair:1   | HP: 1/84 [poisoned by a black mamba]
 11368 | Lair:1   | Succumbed to a black mamba's poison

Vault maps used:
D:1:      denvon_arrival_planthouse, serial_forest, infiniplex_forest_end_2,
          infiniplex_forest_clump_tiny, infiniplex_forest_straight_3,
          infiniplex_forest_clump_cross, infiniplex_forest_clump_diagonal,
          infiniplex_forest_zigzag_1
D:2:      nemelex_altar_shiori, okawaru_metal_pillars_1_2
D:3:      lemuel_coloured_pillars_altar, zin_statuary, uniq_terence
D:4:      grunt_qazlal_sundering, minmay_temple_entry_overgrown, uniq_robin
D:5:      kiku_gazebo_garden_becter, first_bread, st_stairs_7
D:6:      uniq_edmund
D:7:      lemuel_round_altar
D:8:      grunt_temple_overflow_open, lair_0_dummy, uniq_erica, uniq_psyche
D:9:      serial_shops, shop, hangedman_tell_no_tales, uniq_pikel
Temple:   corrupted_temple
Lair:1:   basic_altar, minivault_11, roderic_batcave,
          infiniplex_staircase_pool_2, grunt_megastairs_2, lemuel_fruit_tree,
          lemuel_fruit_fields, uniq_gastronok

Action                   |  1- 3 |  4- 6 |  7- 9 | 10-12 || total
-------------------------+-------+-------+-------+-------++-------
Melee: War axe           |   131 |   245 |    72 |       ||   448
       Hand axe          |       |       |   323 |   316 ||   639
       Battleaxe         |       |       |       |    13 ||    13
Throw: Stone             |       |    12 |    14 |       ||    26
       Tomahawk          |       |       |       |    14 ||    14
Invok: Heroism           |       |       |     2 |     1 ||     3
  Use: Scroll            |       |     6 |     6 |     7 ||    19
       Potion            |       |       |     3 |     4 ||     7
  Eat: Chunk             |     1 |     9 |     7 |     5 ||    22
       Bread ration      |       |       |     2 |     2 ||     4
       Fruit             |       |       |       |     1 ||     1
